 Dungeon Crawl Stone Soup version 0.23.2 (webtiles) character file.

Game seed: 180615340776520515

4177 Borgoz the Slicer (level 10, -10/64 HPs)
             Began as a Kobold Gladiator on Apr 12, 2019.
             Was a Believer of Ashenzari.
             Mangled by a vampire (12 damage)
             ... on level 9 of the Dungeon.
             The game lasted 00:20:08 (11258 turns).

Borgoz the Slicer (Kobold Gladiator)               Turns: 11258, Time: 00:20:09

Health: -10/64     AC:  6    Str: 19    XL:     10   Next: 53%
Magic:  10/10      EV: 21    Int: 16    God:    Ashenzari [**....]
Gold:   404        SH:  0    Dex: 17    Spells: 7/9 levels left

rFire    . . .     SeeInvis .   p - +1 short sword (speed)
rCold    . . .     Gourm    .   (shield restricted)
rNeg     . . .     Faith    .   b - +0 leather armour
rPois    .         Spirit   .   c - +0 helmet
rElec    .         Reflect  .   C - +0 cloak
rCorr    .         Harm     .   (no gloves)
MR       .....                  (no boots)
Stlth    +.........             (no amulet)
HPRegen  0.20/turn              B - +2 ring of strength
MPRegen  0.12/turn              s - +4 ring of strength

@: confused, brilliant
A: small, carnivore
a: Curse Item, Scrying, Renounce Religion


You were on level 9 of the Dungeon.
You worshipped Ashenzari.
Ashenzari was pleased with you.
You were completely stuffed.

You visited 2 branches of the dungeon, and saw 10 of its levels.
You also visited: Sewer.

You collected 404 gold pieces.

Inventory:

Hand Weapons
 a - a +0 rapier
 p - a +1 short sword of speed (weapon)
 F - a +3 dagger
Armour
 b - a +0 leather armour (worn)
 c - a +0 helmet (worn)
 C - a +0 cloak (worn)
Jewellery
 g - an uncursed ring of wizardry
 h - an uncursed ring of positive energy
 s - a +4 ring of strength (right hand)
 B - a +2 ring of strength (left hand)
Wands
 r - a wand of random effects (46)
 v - a wand of polymorph (4)
 y - a wand of flame (12)
 E - a wand of digging (4)
 G - a wand of enslavement (2)
Scrolls
 i - a scroll of blinking {unknown}
 j - 2 scrolls of enchant armour
 m - a scroll of random uselessness {unknown}
 n - 2 scrolls of fear
 t - 2 scrolls of magic mapping
 x - 4 scrolls of fog
 A - 5 scrolls of remove curse
Potions
 d - a potion of haste
 k - a potion of agility
 l - a potion of ambrosia
 o - 2 potions of cancellation
 w - 6 potions of magic
 I - a potion of lignification
Comestibles
 f - 18 rations


   Skills:
 + Level 8.0 Fighting
 + Level 10.1 Short Blades
 - Level 2.1 Throwing
 + Level 5.8 Armour
 + Level 9.2 Dodging
 - Level 5.0 Stealth


You had 7 spell levels left.
You knew the following spells:

 Your Spells              Type           Power        Failure   Level  Hunger
a - Blink                 Tloc           N/A          5%          2    ###....

Your spell library contained the following spells:

 Spells                   Type           Power        Failure   Level  Hunger
 Magic Dart               Conj           #...         3%          1    ##.....
 Sting                    Conj/Pois      #...         3%          1    ##.....
 Call Imp                 Summ           #.......     5%          2    ###....
 Poisonous Vapours        Pois/Air       #.....       5%          2    ###....
 Slow                     Hex            #.......     5%          2    ###....
 Conjure Flame            Conj/Fire      #.......     10%         3    ####...
 Mephitic Cloud           Conj/Pois/Air  #.......     10%         3    ####...
 Olgreb's Toxic Radiance  Pois           #.......     28%         4    #####..
 Venom Bolt               Conj/Pois      #.........   56%         5    ######.


Dungeon Overview and Level Annotations

Branches:
Dungeon (9/15)             Temple (1/1) D:5
   Lair: D:8-11         Orc: D:9-12

Altars:
Ashenzari
Cheibriados
Dithmenos
Elyvilon
Gozag
Hepliaklqana
Kikubaaqudgha
Makhleb
Nemelex Xobeh
Okawaru
Qazlal
Ru
Sif Muna
Trog
Uskayaw
Vehumet
Wu Jian
Xom
Yredelemnul
Zin
The Shining One

Shops:
D:5 :


Innate Abilities, Weirdness & Mutations

You are small and have problems with some larger weapons.
You are carnivorous and can eat meat at any time.


Message History

Something tries to affect you, but you resist.
Something barely misses you. Something bites you but does no damage.
You hit something but do no damage.
You feel less invigorated.
You feel less confused. Something hits you but does no damage.
Something bites you.
Something draws strength from your injuries!
You barely miss something. You puncture something! You barely miss something.
Something hits you. Something bites you.
Something draws strength from your injuries!
You are confused.
You feel invigorated. Something hits you!
* * * LOW HITPOINT WARNING * * *
Something bites you.
* * * LOW HITPOINT WARNING * * *
Something draws strength from your injuries!
You're too confused to move!
Something hits you!
* * * LOW HITPOINT WARNING * * *
Something bites you!
You die...

≈.≈.# #### ########..........
≈≈..###### ♣♣♣ #.................
≈≈≈......#♣♣.♣♣#.................
≈≈...###.'.._..'...........>.....
≈≈≈.## ###♣♣.♣♣#.................
≈≈≈.# ♣♣♣ #.................
≈≈≈.# ########.................
≈≈..# #.......{................
≈≈≈≈# #.......@................
≈≈.## ##........)..............
≈≈ ≈ * ##.......).)............
≈≈≈≈≈ *##......).............. ≈≈
≈ * #############......... ≈≈≈ *
#.######## # ** #### #.#
######..################.########
.................................


There were no monsters in sight!

Vanquished Creatures
  A two-headed ogre (D:8)
  2 hippogriffs (D:7)
  An orc warrior (D:6)
  An ice beast (D:7)
  2 phantoms
  4 sky beasts
  3 ogres
  Blork the orc (D:6)
  A big kobold (D:8)
  3 bullfrogs
  3 scorpions
  6 killer bees (D:9)
  A howler monkey (D:4)
  3 wights (D:9)
  A crimson imp (D:7)
  A centaur zombie (D:3)
  2 quasits
  5 hounds
  A jelly (D:8)
  5 orc priests
  A centaur skeleton (D:6)
  2 iguanas (D:6)
  2 bullfrog skeletons
  7 orc wizards
  3 worker ants
  A killer bee zombie (D:8)
  A hound skeleton (D:2)
  A howler monkey skeleton (D:5)
  7 gnolls
  12 adders
  3 river rats (D:6)
  A shadow imp (D:7)
  2 oozes
  3 worms
  2 dart slugs
  7 leopard geckos
  29 orcs
  15 giant cockroaches
  12 goblins
  6 hobgoblins
  10 jackals
  8 quokkas
  7 ball pythons
  8 bats
  14 frilled lizards
  A jackal skeleton (D:6)
  19 kobolds
  10 rats
  2 plants (Sewer)
243 creatures vanquished.

Vanquished Creatures (others)
  A plant (Sewer)
1 creature vanquished.

Grand Total: 244 creatures vanquished

Notes
Turn   | Place    | Note
-------+----------+-------------------------------------------
     0 | D:1      | Borgoz the Kobold Gladiator began the quest for the Orb.
     0 | D:1      | Reached XP level 1. HP: 12/12 MP: 1/1
    60 | D:1      | Reached XP level 2. HP: 17/18 MP: 2/2
   342 | D:1      | Reached XP level 3. HP: 19/22 MP: 3/3
   535 | D:1      | Reached skill level 1 in Armour
  1078 | D:2      | Reached XP level 4. HP: 16/28 MP: 4/4
  1142 | D:2      | Reached skill level 5 in Short Blades
  1142 | D:2      | Reached XP level 5. HP: 9/32 MP: 5/5
  1402 | D:2      | Found a burning altar of Makhleb.
  2195 | D:2      | Reached XP level 6. HP: 12/37 MP: 6/6
  3089 | D:2      | Reached skill level 5 in Dodging
  3391 | D:2      | Found a white marble altar of Elyvilon.
  3419 | D:2      | Found a shattered altar of Ashenzari.
  3512 | D:2      | Became a worshipper of Ashenzari the Shackled
  3688 | D:2      | Found a basalt altar of Yredelemnul.
  3828 | D:3      | Reached skill level 1 in Stealth
  4071 | D:3      | Found a snail-covered altar of Cheibriados.
  4407 | D:4      | Found a sacrificial altar of Ru.
  4617 | D:4      | Noticed an ogre
  4639 | D:4      | Killed an ogre
  4639 | D:4      | Reached skill level 6 in Short Blades
  4639 | D:4      | Reached XP level 7. HP: 28/43 MP: 7/7
  4863 | D:4      | Found an iron altar of Okawaru.
  5379 | D:5      | Entered Level 5 of the Dungeon
  5390 | D:5      | Reached * piety under Ashenzari
  5636 | D:5      | Reached XP level 8. HP: 44/48 MP: 8/8
  5655 | D:5      | Found Foschidi's Book Shoppe.
  5936 | D:5      | Found a staircase to the Ecumenical Temple.
  5946 | Temple   | Entered the Ecumenical Temple
  6233 | D:5      | Learned a level 2 spell: Blink
  6572 | D:6      | Reached skill level 5 in Fighting
  6635 | D:6      | Reached skill level 7 in Short Blades
  6702 | D:6      | Found a glowing drain.
  6708 | Sewer    | Entered a sewer
  7976 | D:6      | Noticed Blork the orc
  7983 | D:6      | Killed Blork the orc
  7983 | D:6      | Reached skill level 5 in Stealth
  8091 | D:6      | Reached XP level 9. HP: 46/54 MP: 9/9
  8342 | D:7      | Noticed a hippogriff
  8349 | D:7      | Noticed a hippogriff
  8364 | D:7      | Killed a hippogriff
  8364 | D:7      | Reached skill level 8 in Short Blades
  8373 | D:7      | Killed a hippogriff
  9131 | D:7      | Found a sparkling altar of Nemelex Xobeh.
  9240 | D:7      | Found a shimmering altar of Xom.
  9831 | D:8      | Reached ** piety under Ashenzari
  9855 | D:8      | Reached skill level 9 in Short Blades
  9970 | D:8      | Reached skill level 5 in Armour
 10076 | D:8      | Reached XP level 10. HP: 46/63 MP: 10/10
 10219 | D:8      | Noticed a two-headed ogre
 10229 | D:8      | Killed a two-headed ogre
 10293 | D:8      | Found a hide-covered altar of Uskayaw.
 10557 | D:8      | Found an ancient bone altar of Kikubaaqudgha.
 10821 | D:9      | Found a hazy altar of Hepliaklqana.
 10920 | D:9      | Reached skill level 10 in Short Blades
 11258 | D:9      | HP: 2/64 [something (10)]
 11258 | D:9      | Mangled by a vampire

Skill      XL: |  1  2  3  4  5  6  7  8  9 10 |
---------------+-------------------------------+-----
Dodging        | 4 5 6 8 9 |  9.2
Armour         | 1 2 3 5 |  5.8
Fighting       | 3 4 5 7 8 |  8.0
Short Blades   | 5 6 7 9 10 | 10.1
Stealth        | 2 3 5 |  5.0
Throwing       | |  2.1

Action                   |  1- 3 |  4- 6 |  7- 9 | 10-12 || total
-------------------------+-------+-------+-------+-------++-------
Melee: Rapier            |   108 |   349 |   230 |       ||   687
       Short sword       |       |       |   553 |   203 ||   756
       Dagger            |       |       |   117 |       ||   117
Throw: Throwing net      |       |     2 |     5 |       ||     7
Evoke: Wand              |       |       |       |     1 ||     1
  Use: Scroll            |     1 |     7 |     7 |     3 ||    18
       Potion            |       |     1 |    10 |     9 ||    20
 Stab: Sleeping          |     1 |     3 |     6 |     2 ||    12
       Held in net/web   |       |     2 |       |       ||     2
       Distracted        |       |       |     2 |       ||     2
  Eat: Chunk             |     9 |    12 |    18 |     4 ||    43
Armor: Leather armour    |    38 |    53 |    80 |    21 ||   192
Dodge: Dodged            |   136 |   270 |   499 |   118 ||  1023
